 Dungeon Sprint DCSS version 0.31-a0-188-g5e087ee2ca (webtiles) character file.

Game seed: 13442152988080830871

254 Conn the Arsonist (level 6, -1/51 HPs)
             Began as an Octopode Fire Elementalist on June 22, 2023.
             Slain by a neqoxec (8 damage)
             ... in the Dungeon (Sprint II: "The Violet Keep of Menkaure").
             The game lasted 00:00:49 (26 turns).

Conn the Arsonist (Octopode Fire Elementalist)        Turns: 26, Time: 00:00:50

Health: -1/51      AC:  1    Str:  5    XL:     6   Next: 14%
Magic:  5/13       EV: 14    Int: 20    God:
Gold:   0          SH:  0    Dex: 12    Spells: 14/15 levels left

rFire   . .          .
                       - Unarmed
rCold   . . .        (no shield)
rNeg    . . .        (helmet restricted)
rPois   .            (no amulet)
rElec   .            (no ring)
rCorr   .            (no ring)
SInv    .            (no ring)
Will    .....        (no ring) Stlth
                     (no ring)
HPRegen 0.28/turn    (no ring)
MPRegen 0.13/turn    (no ring)
                     (no ring)

%: no teleportation
@: berserking (expiring), hasted, very quick
A: almost no armour, amphibious, 8 rings, camouflage 1, gelatinous body 1,
(nimble swimmer 1), tentacles, frail 1, weak 1
a: no special abilities


You were in the Dungeon.
You visited 1 branch

Inventory:

Scrolls
 f - a scroll of blinking
Potions
 a - 3 potions of magic
 b - a potion of curing
 c - a potion of heal wounds


   Skills:
 + Level 1.4 Fighting
 + Level 4.4 Dodging
 + Level 5.6 Stealth
 - Level 4.0 Unarmed Combat
 + Level 5.0 Spellcasting
 + Level 1.6 Conjurations
 + Level 9.0 Fire Magic


You had 14 spell levels left.
You knew the following spells:

 Your Spells              Type           Power      Damage    Failure   Level
a - Foxfire               Conj/Fire      100%       2x1d9     1%          1

Your spell library contained the following spells:

 Spells                   Type           Power      Damage    Failure   Level
 Scorch                   Fire           82%        2d8       1%          2
 Inner Flame              Hex/Fire       23%        N/A       5%          3
 Volatile Blastmotes      Fire/Tloc      46%        2d13      5%          3
 Flame Wave               Conj/Fire      26%        2d8       13%         4


Dungeon Overview and Level Annotations

Branches:
Dungeon (1/1)

Altars:


Innate Abilities, Weirdness & Mutations

You cannot wear most types of armour.
You are amphibious.
You can wear up to eight rings at the same time.
Your skin changes colour to match your surroundings (Stealth+).
Your rubbery body absorbs attacks. (AC +1, EV +1)
((You are camouflaged when in or above water. (Stealth+)))
You have tentacles for arms and can constrict up to eight enemies at once.
You are frail. (-10% HP)
You are weak. (Str -2)


Message History

You have reached level 3!
Your experience leads to an increase in your attributes!
Your base attributes are Str 7, Int 17, Dex 12.
Increase (S)trength, (I)ntelligence, or (D)exterity?
You feel clever. x2
You have reached level 4!
You have reached level 5!
You feel clever.
Unknown command.
Unknown command.
You are too berserk!
You barely miss the neqoxec. Your grab misses the neqoxec.
Your tentacle-slap misses the neqoxec.
The neqoxec gestures at you.
Something tries to feed on your intellect!
The neqoxec hits you!
* * * LOW HITPOINT WARNING * * *
Unknown command.
You bludgeon the neqoxec! You grab the neqoxec.
Your squeeze misses the neqoxec.
The neqoxec is moderately wounded.
You constrict the neqoxec, but do no damage.
You tentacle-slap the neqoxec. You squeeze the neqoxec.
The neqoxec is severely wounded.
You constrict the neqoxec, but do no damage.
The neqoxec completely misses you.
You bludgeon the neqoxec! You squeeze the neqoxec.
The neqoxec is almost dead.
You constrict the neqoxec, but do no damage.
You tentacle-slap the neqoxec.
You kill the neqoxec!
Your Dodging skill increases to level 4!
Your Stealth skill increases to level 5!
Your Spellcasting skill increases to level 5!
Your Fire Magic skill gained 2 levels and is now at level 9!
You have reached level 6!
You tentacle-slap the neqoxec. Your grab misses the neqoxec.
The neqoxec is lightly wounded.
The neqoxec hits you!
You die...

## ## ##.
.## .m#..
# .$. # #.
#+# .#
#l##.##..#
#+.<@33#
#.##.##.#
#l #+# .#
# .#$ # .B
B. ##. .##
## ##


You could see 2 neqoxecs.

Vanquished Creatures
  2 neqoxecs (D)
2 creatures vanquished.

Notes
Turn   | Place    | Note
-------+----------+-------------------------------------------
     0 | D        | Conn the Octopode Fire Elementalist began the quest for the
                  | Orb.
     0 | D        | Reached XP level 1. HP: 11/11 MP: 3/3
     1 | D        | Noticed a wyvern
     1 | D        | Noticed a wyvern
     4 | D        | Noticed a boulder beetle
     4 | D        | Noticed a boulder beetle
     8 | D        | Noticed a merfolk siren
    11 | D        | Noticed a neqoxec
    11 | D        | Noticed a neqoxec
    11 | D        | Noticed a neqoxec
    11 | D        | Noticed a neqoxec
    12 | D        | Gained mutation: You are weak. (Str -2) [a neqoxec]
    15 | D        | Gained mutation: You are frail. (-10% HP) [a neqoxec]
    19 | D        | Killed a neqoxec
    20 | D        | Reached skill level 1 in Fighting
    20 | D        | Reached skill level 7 in Fire Magic
    20 | D        | Reached XP level 2. HP: 9/16 MP: 4/7
    20 | D        | Reached XP level 3. HP: 11/20 MP: 4/8
    20 | D        | Reached XP level 4. HP: 14/25 MP: 5/10
    20 | D        | Reached XP level 5. HP: 16/29 MP: 5/11
    25 | D        | Killed a neqoxec
    26 | D        | Reached skill level 5 in Stealth
    26 | D        | Reached skill level 5 in Spellcasting
    26 | D        | Reached skill level 9 in Fire Magic
    26 | D        | Reached XP level 6. HP: 6/34 MP: 5/13
    26 | D        | Slain by a neqoxec

Illustrated notes

Levels and vault maps discovered:
D:        the_violet_keep_of_menkaure [sprint2_stairs_cluster_1,
          sprint2_shoproom, sprint2_temple, sprint2_basic_supplies,
          sprint2_obstacle_7, sprint2_obstacle_5, sprint2_obstacle_2,
          sprint2_obstacle_4, sprint2_obstacle_6, sprint2_timed_cluster_1,
          sprint2_smallroom_cluster_1, sprint2_smallroom_final_cluster_1,
          sprint2_transparent_cluster_1, sprint2_second_timed_cluster_1,
          sprint2_sniper_area_1, sprint2_heavy_combat_area_1,
          sprint2_mutation_trap_area_1, sprint2_forest_area_1,
          sprint2_light_combat_area_1, sprint2_behind_water_1,
          sprint2_near_end_vault_1]

Skill      XL: |  1  2  3  4  5 |
---------------+----------------+-----
Fighting       | 1 |  1.4
Dodging        | 3 4 |  4.4
Stealth        | 4 5 |  5.6
Unarmed Combat | 4 |  4.0
Spellcasting   | 4 5 |  5.0
Fire Magic     | 7 9 |  9.0
Conjurations   | |  1.6

Action                     |  1- 3 |  4- 6 || total
---------------------------+-------+-------++-------
  Melee: Unarmed           |     6 |     6 ||    12
         Tentacles         |     2 |     2 ||     4
         Constrict         |     1 |     1 ||     2
    Use: Potion            |     2 |       ||     2
  Dodge: Dodged            |       |     1 ||     1

Table legend: (Time is in decaauts)
 A = Elapsed time spent in this place.
 B = Non-inter-level travel time spent in this place.
 C = Inter-level travel time spent in this place.
 D = Time resting spent in this place.
 E = Time spent auto-exploring this place.
 F = Levels seen in this place.
 G = Mean time per level.
                   A        B        C        D        E       F      G
               +--------+--------+--------+--------+--------+-----+--------+
         Total |     21 |     21 |      0 |      0 |      0 |   1 |   21.0 |
       Dungeon |     21 |     21 |      0 |      0 |      0 |   1 |   21.0 |
               +--------+--------+--------+--------+--------+-----+--------+

Top non-repeatable levels by time:
       D: 21 daAuts
